 Dungeon Crawl Stone Soup version 0.30-a0-341-g682706514a (webtiles) character file.

Game seed: 16002686492030285975

27 NinjaNoafa the Chopper (level 2, -2/26 HPs)
             Began as a Minotaur Fighter on Nov 3, 2022.
             Slain by a gnoll
             ... wielding a +0 flail
              (8 damage)
             ... on level 1 of the Dungeon.
             The game lasted 00:00:49 (949 turns).

NinjaNoafa the Chopper (Minotaur Fighter)            Turns: 949, Time: 00:00:50

Health: -2/26      AC: 11    Str: 20    XL:     2   Next: 93%
Magic:  1/1        EV:  5    Int:  5    God:
Gold:   54         SH:  4    Dex:  9    Spells: 1/1 levels left

rFire   . . .      SeeInvis .    a - +0 war axe
rCold   . . .      Faith    .    c - +0 buckler
rNeg    . . .      Spirit   .    m - +0 plate armour
rPois   .          Reflect  .    (helmet restricted)
rElec   .          Harm     .    (no cloak)
rCorr   .          Rampage  .    (no gloves)
Will    .....                    (no boots)
Stlth   ..........               (no amulet)
HPRegen 0.24/turn                (no ring)
MPRegen 0.07/turn                (no ring)

@: no status effects
A: horns 2, retaliatory headbutt
a: no special abilities


You were on level 1 of the Dungeon.
You visited 1 branch of the dungeon, and saw 2 of its levels.

You collected 54 gold pieces.

Inventory:

Hand Weapons
 a - a +0 war axe (weapon)
Missiles
 g - 9 stones (quivered)
Armour
 c - a +0 buckler (worn)
 m - a +0 plate armour (worn)
Scrolls
 e - a scroll of torment {unknown}
 i - a scroll of noise {unknown}
 j - 2 scrolls of poison {unknown}
 k - a scroll of enchant weapon {unknown}
Potions
 d - a potion of might
 f - 3 potions of curing {unknown}
 h - a potion of degeneration {unknown}
 l - a potion of heal wounds {unknown}


   Skills:
 - Level 3.6 Fighting
 + Level 4.2 Axes
 - Level 3.6 Armour
 - Level 3.6 Shields


You had one spell level left.
You didn't know any spells.
Your spell library contained the following spells:

 Spells                   Type           Power      Damage    Failure   Level
 Sandblast                Erth           0%         2d4       100%        1
 Slow                     Hex            0%         N/A       100%        1
 Passwall                 Tmut/Erth      0%         N/A       100%        2
 Confusing Touch          Hex            0%         N/A       100%        3
 Stone Arrow              Conj/Erth      0%         3d7       100%        3
 Vampiric Draining        Necr           0%         2d6       100%        3


Dungeon Overview and Level Annotations

Branches:
Dungeon (2/15)

Altars:


Innate Abilities, Weirdness & Mutations

You have a pair of horns on your head.
You reflexively headbutt those who attack you in melee.


Message History

The adder bites you. The gnoll attacks as you move away!
The gnoll barely misses you. The gnoll attacks as you move away!
The gnoll hits you with a +0 whip.
There is a stone staircase leading up here.
The adder bites you but does no damage. The gnoll hits you with a +0 whip.
The adder bites you but does no damage.
You climb upwards.
There is a stone staircase leading down here.
You barely miss the adder.
The adder is lightly wounded.
You slash the gnoll! You block the gnoll's attack.
You block the adder's attack. The gnoll barely misses you.
You closely miss the adder. You headbutt the adder!
You kill the adder!
You closely miss the gnoll. You block the gnoll's attack.
You barely miss the gnoll. Your headbutt misses the gnoll.
The gnoll is almost dead.
The gnoll hits you but does no damage. You block the gnoll's attack.
You slash the gnoll!
You kill the gnoll!
Your Axes skill increases to level 4!
Things that are here:
a +0 whip; a gnoll corpse HP restored.
Done exploring.
There is a stone staircase leading down here.
You climb downwards.
The gnoll hits you with a +0 whip. The gnoll hits you with a +0 flail.
The gnoll hits you but does no damage. x2
There is a stone staircase leading up, spattered with blood here.
The gnoll hits you with a +0 whip. The gnoll hits you with a +0 flail.
You climb upwards.
There is a stone staircase leading down here.
You barely miss the gnoll. You hit the gnoll but do no damage.
The gnoll barely misses you. The gnoll hits you but does no damage.
The gnoll hits you with a +0 whip.
* * * LOW HITPOINT WARNING * * *
Okay, then.
The gnoll attacks as you move away! The gnoll barely misses you.
The gnoll attacks as you move away! The gnoll hits you with a +0 flail!
You die...

######## ### #......#
#############.#####.####..
#........@g##.............
##.##..###g...............
#.##..#.......####......#
######.)........#..# #.###...
#.........#.....#..########..#
#.............................
#...............#.#########.##
#########.......#........##.#.
#.......#.######.##.#.


You could see 2 gnolls.

Vanquished Creatures
  A gnoll (D:1)
  An adder (D:1)
  An endoplasm (D:1)
  2 hobgoblins (D:1)
  2 ball pythons (D:1)
  2 frilled lizards (D:1)
  A kobold (D:1)
  A rat (D:1)
11 creatures vanquished.

Notes
Turn   | Place    | Note
-------+----------+-------------------------------------------
     0 | D:1      | NinjaNoafa the Minotaur Fighter began the quest for the
                  | Orb.
     0 | D:1      | Reached XP level 1. HP: 19/19 MP: 0/0
   240 | D:1      | Reached skill level 3 in Axes
   646 | D:1      | Reached XP level 2. HP: 26/26 MP: 1/1
   887 | D:1      | Reached skill level 4 in Axes
   949 | D:1      | Slain by a gnoll

Illustrated notes

Levels and vault maps discovered:
D:1:      ncdulo_smallfort, layout_basic
D:2:      layout_basic, small_statue_intersection, minmay_hexomino_c4

Skill      XL: |  1  2 |
---------------+-------+-----
Axes           | 3 4 |  4.2
Fighting       | |  3.6
Armour         | |  3.6
Shields        | |  3.6

Action                   || total
-------------------------++-------
Melee: War axe           ||    26
       Headbutt          ||     5
Armor: Scale mail        ||     6
       Plate armour      ||    10
Dodge: Dodged            ||    12
Block: Buckler           ||    14

Table legend: (Time is in decaauts)
 A = Elapsed time spent in this place.
 B = Non-inter-level travel time spent in this place.
 C = Inter-level travel time spent in this place.
 D = Time resting spent in this place.
 E = Time spent auto-exploring this place.
 F = Levels seen in this place.
 G = Mean time per level.
                   A        B        C        D        E       F      G
               +--------+--------+--------+--------+--------+-----+--------+
         Total |    960 |    865 |     95 |      0 |    738 |   2 |  480.0 |
       Dungeon |    960 |    865 |     95 |      0 |    738 |   2 |  480.0 |
               +--------+--------+--------+--------+--------+-----+--------+

Top non-repeatable levels by time:
     D:1: 937 daAuts
     D:2: 23 daAuts
